 Dungeon Crawl Stone Soup version 0.23-a0-49-gd9f7a49 (webtiles) character file.

8985 Azzok the Arsonist (level 11, -11/74 HPs)
             Began as a Hill Orc Fire Elementalist on Aug 7, 2018.
             Was a Priest of Vehumet.
             Mangled by an ogre
             ... wielding a +0 giant club
              (19 damage)
             ... on level 10 of the Dungeon.
             The game lasted 00:25:28 (16523 turns).

Azzok the Arsonist (Hill Orc Fire Elementalist)    Turns: 16523, Time: 00:25:29

Health: -11/74     AC:  6    Str: 12    XL:     11   Next: 39%
Magic:  3/13       EV: 12    Int: 18    God:    Vehumet [***...]
Gold:   624        SH:  0    Dex: 11    Spells: 3/13 levels left

rFire    . . .     SeeInvis .   C - +1 dagger (venom)
rCold    . . .     Gourm    .   (no shield)
rNeg     . . .     Faith    .   a - +0 robe
rPois    .         Spirit   .   r - +0 helmet
rElec    .         Reflect  .   o - +2 cloak
rCorr    .         Harm     .   (no gloves)
MR       .....                  (no boots)
Stlth    ++........             (no amulet)
HPRegen  0.22/turn              (no ring)
MPRegen  0.13/turn              (no ring)

@: no status effects
A: no striking features
a: Renounce Religion


You were on level 10 of the Dungeon.
You worshipped Vehumet.
Vehumet was most pleased with you.
You were very hungry.

You visited 2 branches of the dungeon, and saw 11 of its levels.

You collected 624 gold pieces.

Inventory:

Hand Weapons
 g - a +0 short sword of venom
 x - a +0 flail of crushing
 C - a +1 dagger of venom (weapon)
Armour
 a - a +0 robe (worn)
 o - a +2 cloak (worn)
 r - a +0 helmet (worn)
 w - the +0 scale mail of Exclusion {rElec Int+4}
   (You found it on level 5 of the Dungeon)

   It affects your intelligence (+4).
   It insulates you from electricity.
 B - a +0 buckler
Wands
 m - a wand of polymorph (14)
 v - a wand of acid (14)
 z - a wand of enslavement (11)
Scrolls
 b - a scroll of blinking
 d - a scroll of enchant armour
 e - 5 scrolls of teleportation
 n - 3 scrolls of remove curse
 p - 2 scrolls of amnesia
 s - 3 scrolls of fog {unknown}
 t - 3 scrolls of random uselessness {unknown}
 u - a scroll of magic mapping {unknown}
 y - 3 scrolls of identify
Potions
 f - 2 potions of magic
 h - a potion of resistance
 i - 2 potions of agility
 j - a potion of might
 k - 2 potions of curing
 l - 6 potions of brilliance
 q - a potion of lignification
 A - a potion of invisibility {unknown}
Comestibles
 c - 18 rations


   Skills:
 - Level 1.5 Dodging
 - Level 1.5 Stealth
 + Level 1.0 Shields
 - Level 1.5 Spellcasting
 + Level 12.1 Conjurations
 + Level 13.4 Fire Magic


You had 3 spell levels left.
You knew the following spells:

 Your Spells              Type           Power        Failure   Level  Hunger
a - Flame Tongue          Conj/Fire      #####        1%          1    ##.....
b - Sticky Flame          Conj/Fire      #####...     1%          4    #####..
c - Fireball              Conj/Fire      #####.....   1%          5    ######.

Your spell library contained the following spells:

 Spells                   Type           Power        Failure   Level  Hunger
 Conjure Flame            Conj/Fire      #####...     1%          3    ####...
 Confuse                  Hex            #.......     50%         3    ####...
 Throw Flame              Conj/Fire      #####.       1%          2    ###....
 Confusing Touch          Hex            #.....       19%         1    ##.....
 Metabolic Englaciation   Hex/Ice        #.........   99%         5    ######.
 Petrify                  Tmut/Erth      #.......     88%         4    #####..
 Inner Flame              Hex/Fire       ####....     1%          3    ####...
 Gell's Gravitas          Tloc           #.........   50%         3    ####...
 Yara's Violent Unravell  Hex/Tmut       #.........   75%         5    ######.


Dungeon Overview and Level Annotations

Branches:
Dungeon (10/15)            Temple (1/1) D:6            Lair (0/6) D:8
    Orc: D:9-12

Altars:
Ashenzari
Cheibriados
Dithmenos
Elyvilon
Fedhas
Gozag
Hepliaklqana
Kikubaaqudgha
Makhleb
Nemelex Xobeh
Okawaru
Qazlal
Ru
Sif Muna
Trog
Uskayaw
Vehumet
Wu Jian
Xom
Yredelemnul
Zin
The Shining One

Shops:
D:10 (

Annotations:
D:4 1 runed door, biddum's ghost, novice DrFi
D:9 1 runed door, Fingolfin's ghost, journeyman FoBe


Message History

Press: ? - help, Shift-Dir - straight line, f/p - centaur
Aim: a centaur (almost dead, covered in liquid flames)
The flame tongue hits the centaur.
You kill the centaur!
Vehumet accepts your kill.
Your Shields skill increases to level 1!
* * * LOW MAGIC WARNING * * *
Casting: Flame Tongue (safe; 1% risk of failure)
Confirm with . or Enter, or press ? or * to list all spells.
You don't have enough magic to cast that spell.
Casting: Flame Tongue (safe; 1% risk of failure)
Confirm with . or Enter, or press ? or * to list all spells.
Aiming: Flame Tongue (safe; 1% risk of failure)
Press: ? - help, Shift-Dir - straight line, f - ogre
Aim: an ogre, wielding a giant club The flame tongue hits the ogre.
The ogre is lightly wounded.
* * * LOW MAGIC WARNING * * *
The ogre hits you with a giant club!!
You die...

·▒▒▒▒·▒
······▒
······▒ ♣
♣♣♣
······▒▒▒▒▒
·♣$·♣♣
·♣········▒
♣♣····♣ ▒▒
··♣······▒▒
···$·♣ ▒·
·♣·♣▒····▒
♣···$♣ ▒·
♣···▒····▒
♣♣♣(··♣ ▒·
·♣·♣╬···▒▒
♣♣O@·♣♣♣ ▒·
··♣·▒···▒
♣♣(♣♣·♣ ▒·
·♣·♣▒···▒
♣·♣♣♣♣♣ ♣
▒·
♣······▒▒
♣♣·♣ ·♣ ▒·
·♣·♣···▒
♣·♣♣ ♣♣·♣
▒· ··♣····▒
♣♣·♣ ··♣ ▒·
·♣·♣···▒
♣·♣♣
♣♣♣♣♣♣♣·♣
▒· ♣······▒
♣♣·♣
♣♣···♣♣··♣
▒· ·♣·♣···▒
♣·♣♣
♣♣·♣♣·♣··♣
▒·


You could see an ogre.

Vanquished Creatures
  2 two-headed ogres (D:8)
  A centaur zombie (D:9)
  A polar bear (D:7)
  2 hippogriffs
  4 spriggans (D:10)
  6 yaks
  3 wargs (D:8)
  Duvessa (D:6)
  A water moccasin (D:7)
  A phantom (D:10)
  A sky beast (D:6)
  6 ice beasts
  3 black bears
  6 centaurs
  3 wolves (D:8)
  2 ogres (D:9)
  A crocodile (D:10)
  4 bullfrogs
  2 big kobolds (D:9)
  Dowan (D:6)
  A scorpion (D:4)
  8 killer bees
  2 electric eels (D:8)
  4 wights (D:6)
  3 howler monkeys
  A bullfrog zombie (D:5)
  3 crimson imps
  3 hounds
  4 orc priests
  A jelly (D:5)
  4 orc wizards
  3 bullfrog skeletons
  4 centaur skeletons
  2 iguanas
  8 worker ants
  2 centaur simulacra (D:8)
  3 hound zombies
  A worker ant zombie (D:5)
  12 gnolls
  9 adders
  2 hound simulacra (D:8)
  3 shadow imps
  7 white imps (D:8)
  A worker ant simulacrum (D:8)
  An ufetubus (D:8)
  3 oozes
  3 dart slugs
  A worm (D:3)
  7 leopard geckos
  18 orcs
  A ball python (D:3)
  11 bats
  3 giant cockroaches
  9 goblins
  6 hobgoblins
  12 jackals
  18 kobolds
  2 quokkas
  4 frilled lizards
  A giant cockroach zombie (D:5)
  A leopard gecko skeleton (D:6)
  8 rats
251 creatures vanquished.

Notes
Turn   | Place    | Note
-------+----------+-------------------------------------------
     0 | D:1      | Azzok the Hill Orc Fire Elementalist began the quest for the Orb.
     0 | D:1      | Reached XP level 1. HP: 14/14 MP: 3/3
   100 | D:1      | Reached XP level 2. HP: 17/20 MP: 0/4
   731 | D:1      | Reached XP level 3. HP: 23/26 MP: 2/5
   734 | D:1      | Reached skill level 4 in Fire Magic
  2186 | D:3      | Reached XP level 4. HP: 19/33 MP: 2/6
  2725 | D:3      | Reached XP level 5. HP: 28/38 MP: 0/7
  2852 | D:3      | Reached skill level 5 in Fire Magic
  3778 | D:3      | Found a sparkling altar of Nemelex Xobeh.
  3940 | D:4      | Reached XP level 6. HP: 45/45 MP: 2/8
  3996 | D:4      | Learned a level 4 spell: Sticky Flame
  4066 | D:4      | Found a runed door.
  4066 | D:4      | Noticed biddum's ghost (novice DrFi)
  4272 | D:4      | Reached skill level 6 in Fire Magic
  4981 | D:5      | Entered Level 5 of the Dungeon
  4990 | D:5      | Reached skill level 5 in Conjurations
  4990 | D:5      | Reached XP level 7. HP: 42/50 MP: 0/9
  5505 | D:5      | Got a warped scale mail
  5506 | D:5      | Identified the +0 scale mail of Exclusion {rElec Int+4} (You found it on level 5 of the Dungeon)
  5626 | D:5      | Reached skill level 7 in Fire Magic
  6162 | D:5      | Reached XP level 8. HP: 52/57 MP: 4/10
  6506 | D:6      | Reached skill level 8 in Fire Magic
  7183 | D:6      | Learned a level 5 spell: Fireball
  7306 | D:6      | Noticed Duvessa
  7307 | D:6      | Noticed Dowan
  7316 | D:6      | Killed Duvessa
  7331 | D:6      | HP: 2/85 [Dowan/shard of ice (9)]
  7335 | D:6      | Killed Dowan
  7689 | D:6      | Reached skill level 9 in Fire Magic
  7782 | D:6      | Reached XP level 9. HP: 40/62 MP: 6/11
  7931 | D:6      | Found a staircase to the Ecumenical Temple.
  8413 | D:6      | You fall through a shaft!
  8437 | D:7      | Found a glowing golden altar of the Shining One.
  8518 | Temple   | Entered the Ecumenical Temple
  8692 | Temple   | Became a worshipper of Vehumet
 10096 | D:8      | Reached skill level 10 in Fire Magic
 10643 | D:8      | Noticed a polar bear
 10647 | D:8      | Reached * piety under Vehumet
 10647 | D:8      | Offered knowledge of Shock by Vehumet.
 10690 | D:7      | Killed a polar bear
 11047 | D:8      | Noticed a two-headed ogre
 11059 | D:8      | Killed a two-headed ogre
 11059 | D:8      | Reached skill level 10 in Conjurations
 11059 | D:8      | Reached skill level 11 in Fire Magic
 11059 | D:8      | Reached XP level 10. HP: 67/69 MP: 4/12
 11228 | D:8      | Found a staircase to the Lair.
 12343 | D:8      | Offered knowledge of Freeze by Vehumet.
 12615 | D:9      | Noticed a two-headed ogre
 12634 | D:8      | Killed a two-headed ogre
 12634 | D:8      | Reached skill level 12 in Fire Magic
 12752 | D:9      | Reached ** piety under Vehumet
 12910 | D:9      | Found a runed door.
 12910 | D:9      | Noticed Fingolfin's ghost (journeyman FoBe)
 12911 | D:9      | Found the +2 pair of boots of the Assassin {Detection Stab+ Stlth++}
 13355 | D:9      | Found a deep blue altar of Sif Muna.
 13358 | D:9      | Found a glowing golden altar of the Shining One.
 13361 | D:9      | Found a stormy altar of Qazlal.
 13761 | D:9      | Reached XP level 11. HP: 74/74 MP: 6/13
 14033 | D:10     | Entered Level 10 of the Dungeon
 14347 | D:10     | Offered knowledge of Throw Frost by Vehumet.
 14738 | D:10     | Reached skill level 13 in Fire Magic
 15250 | D:10     | Reached *** piety under Vehumet
 15973 | D:10     | Found Qionnes's Antique Weapon Shoppe.
 16522 | D:10     | Reached skill level 1 in Shields
 16523 | D:10     | Mangled by an ogre

Vault maps used:
D:1:      kennysheep_arrival_forest
D:2:      wad_pebble_path
D:3:      nicolae_overflow_hidden_temple, supply_closet_lemuel
D:4:      first_ration, ebering_ghost_inner_flame
D:5:      kennysheep_cross_room, kennysheep_generic_room_7
D:6:      temple_doors_e, uniq_duvessa
D:7:      basic_altar
D:8:      erik_lair_orcish_takeover, serial_ice, serial_ice_n, serial_ice_f,
          serial_ice_j, serial_ice_a, serial_ice_d, serial_ice_c, serial_ice_g,
          serial_ice_o, serial_ice_h, serial_ice_m
D:9:      grunt_temple_overflow_diamond, ebering_ghost_inner_flame,
          grunt_ogre_cave, hangedman_decor_diamond_cutter, kennysheep_dice
D:10:     kb_forest_paths, serial_column_ruins, column_ruins_grid_3,
          column_ruins_open_small, column_ruins_corridor_straight,
          column_ruins_columns_straight, column_ruins_columns_water,
          column_ruins_open_tiny, serial_shops, shop, kennysheep_crisscross,
          minmay_misc_feat_nine_boxes
Temple:   eino_narrow_crystal_temple

Skill      XL: |  1  2  3  4  5  6  7  8  9 10 11 |
---------------+----------------------------------+-----
Conjurations   | 2 3 4 5 6 7 10 11 12 | 12.1
Fire Magic     | 4 5 6 7 9 11 12 13 | 13.4
Shields        | 1 |  1.0
Dodging        | |  1.5
Stealth        | |  1.5
Spellcasting   | |  1.5

Action                   |  1- 3 |  4- 6 |  7- 9 | 10-12 || total
-------------------------+-------+-------+-------+-------++-------
Melee: Unarmed           |     2 |       |       |       ||     2
       Club              |    33 |    10 |       |       ||    43
       Flail             |       |    18 |    72 |     3 ||    93
       Short sword       |       |       |    78 |    30 ||   108
       Morningstar       |       |       |    14 |       ||    14
       Dagger            |       |       |       |     1 ||     1
 Cast: Flame Tongue      |    70 |   108 |   134 |   197 ||   509
       Sticky Flame      |       |       |    17 |    32 ||    49
       Fireball          |       |       |     3 |       ||     3
  Use: Scroll            |       |       |    12 |     3 ||    15
       Potion            |       |       |     4 |     1 ||     5
 Stab: Sleeping          |       |       |     3 |       ||     3
  Eat: Chunk             |     5 |    12 |    14 |    13 ||    44
       Ration            |       |       |     4 |     4 ||     8
Armor: Robe              |    23 |    20 |    76 |    45 ||   164
       Skin              |       |       |    11 |       ||    11
Dodge: Dodged            |    70 |    55 |   203 |   104 ||   432

Table legend:
 A = Spawn XP
 B = Non-spawn XP
 C = Spawn XP percentage of total XP
 D = Spawn monster count
 E = Non-spawn monster count
 F = Spawn count percentage of total count
 G = Total turns spent on level
                    A         B        C        D         E        F      G
               +---------+---------+-------+---------+---------+-------+---------
         Total |       0 |   12837 |   0.0 |       0 |     251 |   0.0 | 16523
               +---------+---------+-------+---------+---------+-------+---------
           D:1 |       0 |      46 |   0.0 |       0 |      20 |   0.0 |  1187
           D:2 |       0 |      29 |   0.0 |       0 |      19 |   0.0 |  1378
           D:3 |       0 |     193 |   0.0 |       0 |      36 |   0.0 |  1283
           D:4 |       0 |     284 |   0.0 |       0 |      16 |   0.0 |  1133
           D:5 |       0 |     727 |   0.0 |       0 |      17 |   0.0 |  1366
           D:6 |       0 |    1316 |   0.0 |       0 |      33 |   0.0 |  2439
           D:7 |       0 |     860 |   0.0 |       0 |      11 |   0.0 |  1366
           D:8 |       0 |    4108 |   0.0 |       0 |      42 |   0.0 |  2400
           D:9 |       0 |    2152 |   0.0 |       0 |      27 |   0.0 |  2043
          D:10 |       0 |    3122 |   0.0 |       0 |      30 |   0.0 |  1738
               +---------+---------+-------+---------+---------+-------+---------
